 Dungeon Crawl Stone Soup version 0.30-a0-310-g7d6cbdfea6 (webtiles) character file.

Game seed: 5859187663720659546

142 NinjaNoafa the Sneak (level 5, -8/36 HPs)
             Began as an Octopode Monk on Oct 24, 2022.
             Mangled by a hobgoblin
             ... wielding a +2 whip of venom
              (10 damage)
             ... on level 3 of the Dungeon.
             The game lasted 00:04:12 (1902 turns).

NinjaNoafa the Sneak (Octopode Monk)                Turns: 1902, Time: 00:04:12

Health: -8/36      AC:  1    Str: 10    XL:     5   Next: 24%
Magic:  5/5        EV: 14    Int: 12    God:
Gold:   182        SH:  0    Dex: 17    Spells: 4/4 levels left

rFire   . . .      SeeInvis .    a - +0 falchion
rCold   . . .      Faith    .    (no shield)
rNeg    . . .      Spirit   .    (helmet restricted)
rPois   .          Reflect  .    (no amulet)
rElec   .          Harm     .    (no ring)
rCorr   .          Rampage  .    (no ring)
Will    .....                    (no ring)
Stlth   +++++.....               (no ring)
HPRegen 0.26/turn                (no ring)
MPRegen 0.09/turn                (no ring)
                                 (no ring)
                                 (no ring)

@: no status effects
A: almost no armour, amphibious, 8 rings, camouflage 1, gelatinous body 1,
(nimble swimmer 1), tentacles
a: no special abilities


You were on level 3 of the Dungeon.
You visited 1 branch of the dungeon, and saw 3 of its levels.

You collected 182 gold pieces.

Inventory:

Hand Weapons
 a - a +0 falchion (weapon)
Missiles
 e - 22 stones (quivered)
Scrolls
 c - 2 scrolls of identify {unknown}
 f - 4 scrolls of amnesia {unknown}
 j - a scroll of immolation {unknown}
Potions
 d - 4 potions of curing
 g - a potion of cancellation {unknown}
 h - 2 potions of lignification {unknown}
 i - a potion of heal wounds {unknown}


   Skills:
 - Level 3.0 Fighting
 - Level 3.0 Long Blades
 - Level 3.0 Dodging
 - Level 7.0 Stealth
 + Level 1.6 Unarmed Combat


You had 4 spell levels left.
You didn't know any spells.
Your spell library was empty.

Dungeon Overview and Level Annotations

Branches:
Dungeon (3/15)

Altars:

Annotations:
D:3 Natasha


Innate Abilities, Weirdness & Mutations

You cannot wear most types of armour.
You are amphibious.
You can wear up to eight rings at the same time.
Your skin changes colour to match your surroundings (Stealth+).
Your rubbery body absorbs attacks. (AC +1, EV +1)
((You are camouflaged when in or above water. (Stealth+)))
You have tentacles for arms and can constrict up to eight enemies at once.


Message History

Natasha hisses angrily.
The ball python hisses angrily.
You slash the orc wizard!
You kill the orc wizard!
You feel sick.
You hear a shout!
The orc closely misses you. The hobgoblin barely misses you.
Your Unarmed Combat skill increases to level 1!
You barely miss the hobgoblin. Your grab misses the hobgoblin.
You feel sick. The orc hits you with a +0 mace.
* * * LOW HITPOINT WARNING * * *
The hobgoblin misses you.
You feel sick.
Things that are here:
a +0 dagger; a +0 robe You are confused.
You feel invigorated.
You feel sick. The orc misses you. The hobgoblin misses you.
The orc attacks as you move away! The orc hits you with a +0 mace.
* * * LOW HITPOINT WARNING * * *
You feel sick.
You hit the orc but do no damage.
You feel sick. The orc closely misses you. The hobgoblin misses you.
You bump into the rock wall.
You feel sick.
You are no longer poisoned.
The orc hits you with a +0 mace. The hobgoblin barely misses you.
You miss the orc. Your squeeze misses the orc.
You feel less invigorated.
You feel less confused. The orc hits you with a +0 mace!
* * * LOW HITPOINT WARNING * * *
The hobgoblin hits you with a +2 whip of venom.
* * * LOW HITPOINT WARNING * * *
You are lethally poisoned!
It was a potion of curing.
You feel better. The orc hits you with a +0 mace.
* * * LOW HITPOINT WARNING * * *
The hobgoblin misses you.
Natasha mewls in sadness.
The orc attacks as you move away! The orc closely misses you.
The hobgoblin attacks as you move away!
The hobgoblin hits you with a +2 whip of venom!
You die...

# ... #.... .# #.##.... ..
#......† ##. ##......
#####.S ##..... .....
#...... #..#
#########.##...
######..#####..............
......h.So@<..##..>..†#####
######.#.g######.######
#.##.# #.# .. #.### #.# ###
#...# #.# ###.####.####
#.........##
##.......).###### ####
#.......)))......


You could see Natasha, an orc, a hobgoblin and a ball python.

Vanquished Creatures
  Natasha (D:3)
  An orc wizard (D:3)
  2 adders
  A dart slug (D:2)
  3 orcs (D:3)
  4 ball pythons (D:1)
  3 endoplasms
  7 giant cockroaches
  10 goblins
  8 hobgoblins
  4 jackals (D:2)
  3 quokkas (D:1)
  5 bats
  2 frilled lizards (D:1)
  3 kobolds
  5 rats
62 creatures vanquished.

Notes
Turn   | Place    | Note
-------+----------+-------------------------------------------
     0 | D:1      | NinjaNoafa the Octopode Monk began the quest for the Orb.
     0 | D:1      | Reached XP level 1. HP: 16/16 MP: 1/1
    65 | D:1      | Reached skill level 3 in Stealth
   122 | D:1      | Reached XP level 2. HP: 15/21 MP: 2/2
   211 | D:1      | Reached skill level 4 in Stealth
   844 | D:1      | Reached XP level 3. HP: 23/26 MP: 3/3
   893 | D:1      | Reached skill level 5 in Stealth
  1269 | D:2      | Reached XP level 4. HP: 18/31 MP: 4/4
  1271 | D:2      | Reached skill level 6 in Stealth
  1687 | D:3      | Noticed Natasha
  1713 | D:3      | Killed Natasha
  1759 | D:3      | Reached skill level 7 in Stealth
  1822 | D:3      | Reached XP level 5. HP: 36/36 MP: 5/5
  1891 | D:3      | Noticed Natasha
  1893 | D:3      | Reached skill level 1 in Unarmed Combat
  1899 | D:3      | HP: 1/36 [hobgoblin/+2 whip of venom (6)]
  1902 | D:3      | Mangled by a hobgoblin

Illustrated notes

Levels and vault maps discovered:
D:1:      tarquinn_simple_flora_water_f, layout_basic, dreamdust_wishing_well,
          nrook_mini_vaults, minmay_tetromino_l4
D:2:      layout_basic
D:3:      layout_rooms, lemuel_crystal_altar, minmay_fountain_box, st_stairs_10,
          kennysheep_nub, minmay_starry_boxes, uniq_natasha

Skill      XL: |  1  2  3  4  5 |
---------------+----------------+-----
Stealth        | 3 4 5 7 |  7.0
Unarmed Combat | 1 |  1.6
Fighting       | |  3.0
Long Blades    | |  3.0
Dodging        | |  3.0

Action                   |  1- 3 |  4- 6 || total
-------------------------+-------+-------++-------
Melee: Falchion          |    65 |    39 ||   104
       Tentacles         |    10 |     4 ||    14
       Constrict         |     9 |    12 ||    21
       Punch             |     1 |       ||     1
Throw: Stone             |       |     2 ||     2
  Use: Potion            |       |     2 ||     2
 Stab: Sleeping          |    19 |     9 ||    28
Armor: Skin              |     6 |     2 ||     8
Dodge: Dodged            |    56 |    25 ||    81

Table legend: (Time is in decaauts)
 A = Elapsed time spent in this place.
 B = Non-inter-level travel time spent in this place.
 C = Inter-level travel time spent in this place.
 D = Time resting spent in this place.
 E = Time spent auto-exploring this place.
 F = Levels seen in this place.
 G = Mean time per level.
                   A        B        C        D        E       F      G
               +--------+--------+--------+--------+--------+-----+--------+
         Total |   1917 |   1821 |     96 |      0 |   1348 |   3 |  639.0 |
       Dungeon |   1917 |   1821 |     96 |      0 |   1348 |   3 |  639.0 |
               +--------+--------+--------+--------+--------+-----+--------+

Top non-repeatable levels by time:
     D:1: 1174 daAuts
     D:2: 497 daAuts
     D:3: 246 daAuts
